 Dungeon Crawl Stone Soup version 0.31-a0-23-gcbde74481b (webtiles) character file.

Game seed: 10213290123233847423

25 pk666 the Magician (level 2, -1/15 HPs)
             Began as a Deep Elf Hedge Wizard on May 13, 2023.
             Slain by a hobgoblin (5 damage)
             ... led by Robin
             ... on level 1 of the Dungeon.
             The game lasted 00:01:43 (1530 turns).

pk666 the Magician (Deep Elf Hedge Wizard)          Turns: 1530, Time: 00:01:44

Health: -1/15      AC:  2    Str:  7    XL:     2   Next: 86%
Magic:  9/9        EV: 12    Int: 18    God:
Gold:   18         SH:  0    Dex: 14    Spells: 9/10 levels left

rFire   . . .        a - +0 dagger
rCold   . . .        (no shield)
rNeg    . . .        b - +0 robe
rPois   .            c - +0 hat
rElec   .            (no cloak)
rCorr   .            (no gloves)
SInv    .            (no boots)
Will    .....        (no amulet)
Stlth   ++           (no ring)
HPRegen 0.22/turn    (no ring)
MPRegen 0.11/turn

%: no passive effects
@: no status effects
A: no striking features
a: no special abilities


You were on level 1 of the Dungeon.
You visited 1 branch of the dungeon, and saw 2 of its levels.

You collected 18 gold pieces.

Inventory:

Hand Weapons
 a - a +0 dagger (weapon)
Armour
 b - a +0 robe (worn)
 c - a +0 hat (worn)
Scrolls
 e - 2 scrolls of identify {unknown}
 g - a scroll of amnesia {unknown}
Potions
 d - a potion of magic
 f - a potion of curing {unknown}


   Skills:
 - Level 2.4 Dodging
 - Level 2.4 Stealth
 + Level 4.9 Spellcasting
 + Level 2.0 Conjurations
 - Level 1.1 Summonings
 + Level 2.0 Translocations


You had 9 spell levels left.
You knew the following spells:

 Your Spells              Type           Power      Damage    Failure   Level
a - Magic Dart            Conj           44%        1d5       6%          1

Your spell library contained the following spells:

 Spells                   Type           Power      Damage    Failure   Level
 Blink                    Tloc           22%        N/A       9%          2
 Call Imp                 Summ           16%        N/A       13%         2
 Slow                     Hex            16%        N/A       14%         1
 Cigotuvi's Dreadful Rot  Necr/Pois/Air  8%         N/A       21%         2
 Mephitic Cloud           Conj/Pois/Air  6%         N/A       30%         3


Dungeon Overview and Level Annotations

Branches:
Dungeon (2/15)

Altars:

Annotations:
D:1 Robin


Message History

Casting: Magic Dart (safe; 6% risk of failure)
Confirm with . or Enter, or press ? or * to list all spells.
Aiming: Magic Dart (safe; 6% risk of failure)
Press: ? - help, Shift-Dir - straight line, f/p - Robin
Aim: Robin, wielding a +0 club, wearing a +0 animal skin and wearing a +0 helmet (moderately wounded, 100% to hit)
The magic dart hits Robin.
Robin is moderately wounded.
Robin points. "Kill!"
You climb upwards.
There is a stone staircase leading down here.
You start resting.
Magic restored.
You climb downwards.
Level annotation: Robin The goblin shouts!
You hear a shout! x2
Robin hits you with a +0 club.
There is a stone staircase leading up, spattered with blood here.
Robin closely misses you. The hobgoblin hits you.
You climb upwards.
There is a stone staircase leading down here.
Robin points. "Kill!"
The hobgoblin attacks as you move away! The hobgoblin hits you.
Robin roars a battlecry!
The hobgoblin goes into a battle-frenzy!
The hobgoblin closely misses you. As you open the door, it creaks loudly!
The hobgoblin barely misses you. Robin attacks as you move away!
Robin misses you.
There is an open door here.
The hobgoblin attacks as you move away! The hobgoblin hits you.
The hobgoblin attacks as you move away! The hobgoblin hits you.
* * * LOW HITPOINT WARNING * * *
Robin says, "Duck!"
There is an open door here.
Robin attacks as you move away! Robin hits you with a +0 club.
* * * LOW HITPOINT WARNING * * *
The hobgoblin attacks as you move away! The hobgoblin misses you.
The hobgoblin attacks as you move away! The hobgoblin closely misses you.
The hobgoblin attacks as you move away! The hobgoblin hits you.
You die...

#.#...#.##.# #.##.......
#.......##.####### #.##..##.##
###.#...#..>.......# #........#
....#..#####.#####.# ####.....#
#####........# ###.# ##.####
##.####### #...# #.# ##'## #.###
#.#### ##...## #.# #....#
##.....## #@# ####.## ##.......##
##g## #.....
##.........####g..##########.....
.'.........'.....................
##.........####...##########.....
##.......## #..## #.....
##.....## #.## #.###. ###...##
#.# #.# #. #....## #.# ##.# #.


You could see Robin and a hobgoblin (strong).

Vanquished Creatures
  A ball python (D:2)
  2 endoplasms (D:1)
  A giant cockroach (D:2)
  6 goblins
  3 hobgoblins
  2 kobolds (D:1)
  A quokka (D:1)
  2 bats
  2 frilled lizards (D:1)
  2 rats (D:1)
22 creatures vanquished.

Notes
Turn   | Place    | Note
-------+----------+-------------------------------------------
     0 | D:1      | pk666 the Deep Elf Hedge Wizard began the quest for the
                  | Orb.
     0 | D:1      | Reached XP level 1. HP: 10/10 MP: 7/7
   366 | D:1      | Reached XP level 2. HP: 15/15 MP: 5/9
  1416 | D:2      | Noticed Robin
  1530 | D:1      | Slain by a hobgoblin

Illustrated notes

Levels and vault maps discovered:
D:1:      matt_arrival_grand_opening, layout_loops_corners
D:2:      cheibrodos_fertilizer, layout_loops_cross, basic_altar, serial_shops,
          shop, uniq_robin

Skill      XL: |  1  2 |
---------------+-------+-----
Translocations | 2 |  2.0
Conjurations   | 2 |  2.0
Dodging        | |  2.4
Stealth        | |  2.4
Spellcasting   | |  4.9
Summonings     | |  1.1

Action                     || total
---------------------------++-------
   Cast: Magic Dart        ||    53
  Dodge: Dodged            ||     9

Table legend: (Time is in decaauts)
 A = Elapsed time spent in this place.
 B = Non-inter-level travel time spent in this place.
 C = Inter-level travel time spent in this place.
 D = Time resting spent in this place.
 E = Time spent auto-exploring this place.
 F = Levels seen in this place.
 G = Mean time per level.
                   A        B        C        D        E       F      G
               +--------+--------+--------+--------+--------+-----+--------+
         Total |   1531 |   1475 |     56 |    419 |    925 |   2 |  765.5 |
       Dungeon |   1531 |   1475 |     56 |    419 |    925 |   2 |  765.5 |
               +--------+--------+--------+--------+--------+-----+--------+

Top non-repeatable levels by time:
     D:1: 1255 daAuts
     D:2: 276 daAuts
